 Dungeon Crawl Stone Soup version 0.20.1-1-g8b1a95d (webtiles) character file.

125 Knicklaso the Archer (level 4, 0/36 HPs)
             Began as a Centaur Hunter on July 30, 2017.
             Succumbed to a worker ant's poison
             ... on level 3 of the Dungeon.
             The game lasted 00:07:05 (2281 turns).

Knicklaso the Archer (Centaur Hunter)               Turns: 2281, Time: 00:07:05

Health: 0/36       AC:  4    Str: 14    XL:     4   Next: 82%
Magic:  4/4        EV:  9    Int: 10    God:
Gold:   83         SH:  0    Dex: 11    Spells: 3/3 levels left

rFire    . . .     SeeInvis .   a - +1 shortbow
rCold    . . .     Gourm    .   (shield currently unavailable)
rNeg     . . .     Faith    .   c - +0 leather armour
rPois    .         Spirit   .   (no helmet)
rElec    .         Reflect  .   (no cloak)
rCorr    .         Harm     .   (no gloves)
MR       .....                  (no barding)
Stlth    +.........             (no amulet)
Regen    0.2/turn               (no ring)
MPRegen  0.1/turn               (no ring)

@: lethally poisoned (0 -> -13), very quick
A: hooves 3, deformed body, speed 2, tough skin 3
a: no special abilities


You were on level 3 of the Dungeon.
You were not hungry.

You visited 1 branch of the dungeon, and saw 4 of its levels.

You collected 83 gold pieces.

Inventory:

Hand Weapons
 a - a +1 shortbow (weapon)
 b - a +0 short sword
Missiles
 d - 53 arrows (quivered)
Armour
 c - a +0 leather armour (worn)
Jewellery
 e - an uncursed amulet of magic regeneration {unknown}
 p - an uncursed amulet of magic regeneration {unknown}
 r - an uncursed ring of flight {unknown}
Scrolls
 h - 6 scrolls of identify {unknown}
 i - 2 scrolls of teleportation {unknown}
 j - 4 scrolls of remove curse {unknown}
 k - 5 scrolls of amnesia {unknown}
 l - 2 scrolls of fog {unknown}
 s - a scroll of enchant armour {unknown}
 t - a scroll of blinking {unknown}
Potions
 m - 4 potions of curing {unknown}
 n - 2 potions of flight {unknown}
 o - 2 potions of haste {unknown}
 q - a potion of heal wounds {unknown}
Comestibles
 f - 2 bread rations
 g - a meat ration


   Skills:
 - Level 2.0 Fighting
 * Level 8.2 Bows
 - Level 1.3 Dodging
 - Level 0.4 Stealth


You had 3 spell levels left.
You didn't know any spells.

Dungeon Overview and Level Annotations

Branches:
Dungeon (4/15)
 Temple: D:4-7

Altars:
Ru
Yredelemnul


Innate Abilities, Weirdness & Mutations

You have hooves in place of feet.
Armour fits poorly on your strangely shaped body.
You cover ground very quickly.
You have extremely tough skin. (AC +3)


Message History

Press: ? - help, Shift-Dir - straight line, f/p - worker ant
Aim: a worker ant (severely wounded)
You shoot an arrow. The arrow hits the worker ant.
The worker ant is almost dead.
You feel sick. The jackal bites you.
The bullfrog skeleton closely misses you.
The jackal bites you but does no damage.
The worker ant bites you.
* * * LOW HITPOINT WARNING * * *
You are lethally poisoned!
The worker ant poisons you!
* * * LOW HITPOINT WARNING * * *
You feel sick. The bullfrog skeleton hits you.
* * * LOW HITPOINT WARNING * * *
The jackal bites you.
* * * LOW HITPOINT WARNING * * *
The worker ant barely misses you. The bullfrog skeleton hits you.
* * * LOW HITPOINT WARNING * * *
You climb upwards.
You die...

....##....#...##.#.#
....##..###...##.#.#
....##....#........#
........#†#...##.###
........#......#.######
......(.+.......<.....#
........#....#...####.#
.########.#..##.a# #.#
## #....#....##h@# #.#
#....####.###.# #.#
#....#....# #.####.##
#....#'####
#......[#####
#.........#
#####.......#
####.........#
#.#####.#
.............# #.# #.#
.............#######.#
#.#
.............##...##[#
#.#


You could see a worker ant and a jackal.

Vanquished Creatures
  An orc wizard (D:3)
  3 adders
  2 oozes
  2 worms
  2 dart slugs
  3 leopard geckos
  2 giant cockroaches (D:3)
  2 gnoll zombies (D:3)
  4 goblins
  5 hobgoblins
  2 jackals (D:3)
  2 quokkas
  9 bats
  5 frilled lizards
  5 kobolds
  4 rats
53 creatures vanquished.

Notes
Turn   | Place    | Note
-------+----------+-------------------------------------------
     0 | D:1      | Knicklaso the Centaur Hunter began the quest for the Orb.
     0 | D:1      | Reached XP level 1. HP: 17/17 MP: 1/1
   159 | D:1      | Reached XP level 2. HP: 24/24 MP: 2/2
   295 | D:1      | Reached skill level 6 in Bows
   798 | D:2      | Reached XP level 3. HP: 26/29 MP: 3/3
  1439 | D:2      | Reached skill level 7 in Bows
  1829 | D:3      | Reached XP level 4. HP: 34/36 MP: 4/4
  1892 | D:3      | Found a sacrificial altar of Ru.
  1994 | D:3      | Reached skill level 8 in Bows
  2077 | D:3      | Found a basalt altar of Yredelemnul.
  2280 | D:4      | HP: 1/36 [bullfrog skeleton (3)]
  2281 | D:3      | Succumbed to a worker ant's poison

Skill      XL: |  1  2  3  4 |
---------------+-------------+-----
Bows           | 6 7 8 |  8.2
Fighting       | |  2.0
Dodging        | |  1.3
Stealth        | |  0.4

Action                   |  1- 3 |  4- 6 || total
-------------------------+-------+-------++-------
 Fire: Shortbow          |    99 |    61 ||   160
  Eat: Chunk             |     1 |     1 ||     2
Armor: Leather armour    |     3 |    11 ||    14
Dodge: Dodged            |    10 |    11 ||    21
